[Event "Gibraltar Amateurs A 2020"]
[Site "Caleta"]
[Date "2020.01.21"]
[Round "3.11"]
[White "Nash, Damian"]
[Black "Jimenez Urquijo, Juan Manuel"]
[Result "1/2-1/2"]
[ECO "A00"]
[WhiteElo "1890"]
[BlackElo "1567"]
[Annotator "NA RC"]
[PlyCount "109"]
[EventDate "2020.01.20"]
[EventType "swiss"]
[EventCountry "GGB"]
[SourceTitle "playchess.com"]
[Source "ChessBase"]
[SourceQuality "1"]
[TimeControl "6600+10"]

1. Nc3 e6 2. g3 (2. d4 d5 3. Bf4 Nf6 4. e3 Bd6 5. Bd3 O-O 6. Nge2 c5 7. dxc5 Bxc5 8. O-O Nc6 9. Bg5 Be7 10. Ng3 h6 11. Bxf6 Bxf6 12. e4 Bxc3 13. bxc3 {1-0 (30) Turner,M (2534)-Rendle,T (2461) Birmingham 2019}) 2... Nf6 3. Bg2 d5 4. d3 c6 5. e4 d4 6. Nce2 {[%emt 0:00:13] A00: Irregular Openings} e5 7. f4 Bg4 $146 (7... exf4 $1 $11 8. Bxf4 Bc5) ({Predecessor:} 7... Bd6 8. Nf3 Qa5+ 9. Bd2 Qc7 10. O-O c5 11. h3 Nbd7 {½-½ (27) Luebeck,S (1984)-Aunin,R (1796) Hamburg 2018}) 8. h3 ({Better is} 8. fxe5 $16 Nfd7 9. h3 Bxe2 10. Nxe2 (10. Kxe2 Nxe5 11. Nf3 Nxf3 $11)) 8... Bxe2 9. Nxe2 Nbd7 10. O-O Bd6 11. c3 c5 {[%emt 0:03:16] [#]} 12. Kh1 (12. b4 $1 $16 ) 12... Qc7 13. Bd2 O-O 14. f5 b5 15. Rc1 Qb6 16. g4 Rac8 ({Black should play} 16... h6 $11) 17. Ng3 Rfd8 18. g5 Ne8 $1 19. Qg4 f6 (19... c4 $15) 20. Rg1 ({White should play} 20. Nh5 $14) 20... c4 21. Bf1 fxg5 22. Bxg5 Ndf6 23. Qh4 (23. Qf3 $1 $11 {keeps the balance.}) 23... Be7 (23... cxd3 $17 24. Nh5 Be7 25. cxd4 Rxc1 26. Bxc1 Rxd4) 24. cxd4 Qxd4 {[%emt 0:05:52] Double Attack} 25. dxc4 bxc4 26. Nh5 Nxe4 27. Bxe7 Nf2+ 28. Kg2 Qxb2 29. Bxc4+ Kh8 30. Bxd8 Ng4+ 31. Kg3 Qf2+ 32. Kxg4 Rxc4+ 33. Rxc4 Qxg1+ 34. Qg3 Qd1+ 35. Qf3 Qxd8 36. Re4 $18 h6 37. h4 Qd2 38. Qe2 Qd7 39. Rxe5 Qd4+ 40. Re4 Qg1+ 41. Kh3 Qh1+ 42. Kg3 Nd6 43. Re8+ Kh7 44. Re5 Qg1+ 45. Qg2 Qd4 46. Qe2 Qg1+ 47. Kf3 Qh1+ 48. Qg2 Qd1+ 49. Re2 Qd3+ 50. Kf2 Qxf5+ 51. Ke1 Qxh5 52. Rd2 Qe5+ 53. Qe2 Qg3+ 54. Qf2 Qe5+ 55. Qe2 1/2-1/2

[Event "Gibraltar Amateurs A 2020"]
[Site "Caleta"]
[Date "2020.01.21"]
[Round "3.12"]
[White "Krause, Helmut"]
[Black "Sedgwick, David"]
[Result "1/2-1/2"]
[ECO "D32"]
[WhiteElo "1660"]
[BlackElo "1894"]
[Annotator "NA RC"]
[PlyCount "85"]
[EventDate "2020.01.20"]
[EventType "swiss"]
[EventCountry "GGB"]
[SourceTitle "playchess.com"]
[Source "ChessBase"]
[SourceQuality "1"]
[TimeControl "6600+10"]

1. d4 d5 2. Nf3 c5 3. c4 e6 4. cxd5 exd5 5. e3 Nf6 6. Be2 Nc6 7. O-O Be7 8. Nc3 O-O 9. b3 Bf5 {[%emt 0:01:56] D32: Tarrasch Defence: Sidelines and lines without g3} 10. dxc5 Bxc5 11. Nd4 $146 (11. Bb2 $14) ({Predecessor:} 11. Na4 Be7 12. Bb2 Ne4 13. Nd4 Bg6 14. Rc1 Rc8 15. Nxc6 bxc6 16. Qd4 Bf6 17. Qb4 Bxb2 18. Nxb2 {0-1 (43) Jeremic,M (2181)-Pastar,S (2307) Bosanska Krupa 2018}) 11... Nxd4 12. exd4 Bd6 13. Bg5 Rc8 14. Bd3 (14. Bxf6 $11 {keeps the balance.} Qxf6 15. Nxd5 Bxh2+ {[%mdl 64] Decoy} 16. Kxh2 Qd6+ {[%mdl 64] Double Attack} 17. Kg1 Qxd5 18. Bf3) 14... Bxd3 ({Much worse is} 14... Rxc3 $6 15. Bxf5 h6 16. Bh4 $11) 15. Qxd3 {[%emt 0:00:08] [#]} Bxh2+ $1 16. Kh1 Bb8 17. g3 h6 18. Bxf6 Qxf6 19. Nxd5 Qc6 (19... Qe6 $17 20. Qf3 Rcd8) 20. Qc4 $2 (20. Qf3 $1 $11 {and White is okay.} Rfe8 21. Rfc1 Qxc1+ 22. Rxc1 Rxc1+ 23. Kg2) 20... Qxc4 $2 (20... Qd7 $19 {and Black stays clearly on top.} 21. Nf6+ gxf6) 21. bxc4 Rxc4 22. Ne7+ Kh7 23. Rad1 (23. Rab1 $17) 23... Re8 24. Nf5 g6 25. Ne3 Ra4 26. Rd2 Kg7 27. Rc1 Bd6 28. Rcc2 (28. Rc4 $17 Rxc4 29. Nxc4) 28... Re4 29. Rc4 Rxc4 30. Nxc4 Bc7 31. Kg2 Bb6 32. Nxb6 axb6 33. d5 Re7 34. Rb2 Kf6 35. f4 Rd7 36. Rxb6+ Ke7 37. Kf3 Rxd5 38. Rxb7+ Kf6 39. Rb6+ Kg7 40. Ra6 Rd2 41. Ke3 Rc2 42. a4 Rc3+ $11 43. Kf2 1/2-1/2

[Event "Gibraltar Amateurs A 2020"]
[Site "Caleta"]
[Date "2020.01.21"]
[Round "3.13"]
[White "Poggio, Freddie"]
[Black "Dumont, Andre"]
[Result "1-0"]
[ECO "A47"]
[WhiteElo "1680"]
[BlackElo "1872"]
[Annotator "NA RC"]
[PlyCount "124"]
[EventDate "2020.01.20"]
[EventType "swiss"]
[EventCountry "GGB"]
[SourceTitle "playchess.com"]
[Source "ChessBase"]
[SourceQuality "1"]
[TimeControl "6600+10"]

1. d4 Nf6 2. Nf3 e6 3. e3 b6 4. Bd3 Bb7 5. Nbd2 c5 6. c3 Nc6 7. Qe2 cxd4 {[%emt 0:02:18] A47: 1 d4 Nf6 2 Nf3 b6: Torre, London and Colle Systems} 8. cxd4 $146 ({Predecessor:} 8. exd4 Nd5 9. Nc4 Qc7 10. O-O Be7 11. Nce5 O-O 12. Ng5 f5 13. Bd2 Rae8 14. Rae1 a5 15. Qd1 {½-½ (26) Becking,S (2387)-Chernov,V (2505) Deizisau 2008}) 8... Nb4 9. Bb1 Ba6 10. Qd1 Nd3+ 11. Bxd3 Bxd3 12. Ne5 Ba6 13. Qa4 Qc8 14. a3 Be7 15. b4 b5 16. Qb3 Bb7 17. O-O Bd5 18. Qb1 d6 19. e4 Bb7 20. Nef3 d5 ({Better is} 20... O-O $15) 21. e5 Ne4 22. Bb2 O-O 23. Nxe4 (23. Nb3 $14) 23... dxe4 24. Nd2 Qc6 25. f3 Bg5 26. Nxe4 Be3+ 27. Kh1 Qb6 28. Qd3 Bxe4 29. Qxe4 Bh6 30. Bc1 Bxc1 31. Raxc1 Rfd8 32. Rfd1 Rac8 33. h4 h6 34. Rxc8 Rxc8 35. f4 Qd8 36. g3 Rc3 37. Rd3 Qc7 38. Rxc3 Qxc3 39. Kg2 Qxa3 40. d5 Qa2+ 41. Kf3 Qb3+ 42. Ke2 exd5 43. Qe3 Qxb4 44. Qxa7 Qc4+ 45. Kd2 d4 46. Qa8+ Kh7 47. Qe4+ g6 48. e6 Qc3+ 49. Kd1 Qb3+ 50. Kd2 Qxe6 51. Qxd4 h5 52. Qb4 $19 Qd5+ 53. Ke3 Qc4 54. Qxc4 bxc4 55. Kd4 Kg7 56. Kxc4 Kf6 57. Kd4 Kf5 58. Ke3 Kg4 59. Kf2 Kh3 60. f5 gxf5 61. Kf3 f6 62. Kf4 Kg2 1-0

[Event "Gibraltar Amateurs A 2020"]
[Site "Caleta"]
[Date "2020.01.21"]
[Round "3.14"]
[White "Hudson, Jeremy"]
[Black "Bryant, Richard B E"]
[Result "1-0"]
[ECO "A40"]
[WhiteElo "1570"]
[BlackElo "1849"]
[Annotator "NA RC"]
[PlyCount "135"]
[EventDate "2020.01.20"]
[EventType "swiss"]
[EventCountry "GGB"]
[SourceTitle "playchess.com"]
[Source "ChessBase"]
[SourceQuality "1"]
[TimeControl "6600+10"]

1. e4 e6 2. c4 b6 3. Nc3 Bb7 4. d4 Bb4 5. d5 e5 (5... Ne7 6. Bd3 Bxc3+ 7. bxc3 Na6 8. Be3 O-O 9. Ne2 f5 10. Rb1 fxe4 11. Bxe4 Nf5 12. Bxf5 Rxf5 13. Nd4 {0-1 (29) Gomez,J (2526)-Shengelia,D (2556) Tromsoe 2014}) 6. Nf3 {[%emt 0:05:25] A40: Unusual replies to 1 d4} (6. Bd2 $16) 6... Bxc3+ 7. bxc3 d6 8. Bd3 Nd7 9. Be3 Ngf6 10. Nd2 $146 ({Predecessor:} 10. h3 O-O 11. O-O h6 12. Nh2 Qe7 13. Bc2 {½-½ (46) Grueneschild,H (1535)-Wawrinsky,L (1725) Bad Griesbach 2004}) 10... O-O 11. O-O Nc5 12. Bxc5 dxc5 13. f4 Nd7 14. f5 Nf6 15. g4 h6 16. h4 Nh7 17. Nf3 Qe7 18. Qd2 f6 19. Qh2 Rfe8 20. Kf2 Kf7 {[%emt 0:02:24] [#]} (20... c6 $16) 21. g5 $1 Nf8 22. Rg1 Red8 23. gxh6 gxh6 24. Bc2 b5 25. Qg3 Rd7 (25... Ke8 $142 26. Qg8 Qh7 27. cxb5 Qxg8 28. Rxg8 Kd7) 26. cxb5 c4 27. Qg7+ Ke8 28. Qxe7+ Kxe7 29. Nd2 a6 30. a4 axb5 31. axb5 Rxa1 32. Rxa1 c6 33. bxc6 Bxc6 34. Nxc4 Bb5 35. Bd3 Bxc4 36. Bxc4 Rc7 37. Bb5 Rxc3 38. Ra7+ Kd8 39. Rf7 {[%emt 0:00:12] Double Attack} Rb3 40. Rxf8+ Ke7 41. Re8+ Kd6 42. Re6+ Kc5 43. Be2 Rh3 44. h5 (44. Rc6+ $142 Kb4 45. d6 Ka4 46. d7 Rh2+ 47. Ke3 Rh3+ 48. Kd2 Rh2 49. d8=Q) 44... Kd4 45. Bf3 Rh2+ 46. Kg3 Rd2 47. Rxf6 Ke3 48. Rb6 Ra2 49. d6 Ra7 50. Rb5 Rg7+ 51. Kh2 Kxf3 52. Rxe5 Rg2+ 53. Kh1 Rg5 {[%emt 0:00:13] [#]} 54. Re6 $4 {[%emt 0:00:29] [#]} (54. d7 $2 {is a self mate.} Kf2 55. f6 Rxe5 56. d8=Q Rxh5#) (54. f6 $1 $18 Rxe5 55. f7) 54... Rxh5+ $4 (54... Kf2 $1 {and life is good for Black.} 55. Rxh6 Rg4 56. Rh8 Rh4#) 55. Kg1 $18 Rg5+ 56. Kf1 Rh5 57. Rg6 Rh1+ 58. Rg1 Rh2 59. f6 Ra2 60. Ke1 Ra1+ 61. Kd2 Ra2+ 62. Kd3 Ra3+ 63. Kd4 Ra4+ 64. Kd5 Ra5+ 65. Ke6 Kxe4 66. Re1+ Kd4 67. d7 Ra6+ 68. Ke7 1-0

[Event "Gibraltar Amateurs A 2020"]
[Site "Caleta"]
[Date "2020.01.21"]
[Round "3.15"]
[White "Olaizola, Miguel"]
[Black "D`haluin, Wim"]
[Result "0-1"]
[ECO "B34"]
[WhiteElo "1809"]
[BlackElo "1686"]
[Annotator "NA RC"]
[PlyCount "74"]
[EventDate "2020.01.20"]
[EventType "swiss"]
[EventCountry "GGB"]
[SourceTitle "playchess.com"]
[Source "ChessBase"]
[SourceQuality "1"]
[TimeControl "6600+10"]

1. e4 c5 2. Nc3 Nc6 3. Nf3 g6 4. d4 cxd4 5. Nxd4 Bg7 6. Nxc6 bxc6 7. Bc4 Rb8 8. O-O Qc7 9. Kh1 (9. Qf3 $14 e6 10. Bf4) 9... e6 10. Qe2 Ne7 11. Bb3 O-O 12. Bg5 Re8 13. f4 Qa5 14. Qg4 d5 15. Qh4 Qb4 16. a3 Qc5 17. Rf3 h5 18. f5 (18. Re1 $14 Ba6 19. Rd1) 18... exf5 $15 19. Qf4 Rb7 20. Na4 Qa5 21. e5 c5 22. Bf6 c4 23. Bxg7 Kxg7 24. e6 f6 25. Ba2 Qxa4 26. b3 Qc6 27. bxc4 dxc4 28. Bxc4 Bxe6 29. Bd3 Bd5 30. Rg3 Be4 31. Be2 Rh8 32. c4 h4 33. Re3 Bxg2+ 34. Kg1 h3 35. Re1 Qc5 36. Kf2 Kf7 37. Bd3 Ke8 0-1

[Event "Gibraltar Amateurs A 2020"]
[Site "Caleta"]
[Date "2020.01.21"]
[Round "3.16"]
[White "Clare, Steve"]
[Black "Kovacevic, Aleksandar S"]
[Result "0-1"]
[ECO "C14"]
[WhiteElo "1632"]
[BlackElo "1804"]
[Annotator "NA RC"]
[PlyCount "90"]
[EventDate "2020.01.20"]
[EventType "swiss"]
[EventCountry "GGB"]
[SourceTitle "playchess.com"]
[Source "ChessBase"]
[SourceQuality "1"]
[TimeControl "6600+10"]

1. e4 e6 2. d4 d5 3. Nc3 Nf6 4. Bg5 Be7 5. e5 Ne4 6. Bxe7 Qxe7 7. Nxe4 dxe4 8. c3 {[%emt 0:01:56] C14: French: Classical System: 4 Bg5 Be7 main line} (8. a3 c5 9. Qg4 f5 10. exf6 Qxf6 11. Qh5+ g6 12. Qxc5 Nc6 13. Bb5 Bd7 14. Ne2 Rc8 15. Nc3 Qf4 16. d5 exd5 17. Nxd5 Qf8 18. Qe3 Qf5 19. O-O-O Kf7 20. Nc3 Rhe8 21. Rd5 Re5 22. g4 {1-0 (22) Berg,E (2581)-Hovhannisyan,M (2470) Maastricht 2016}) 8... b6 9. f3 $146 ({Predecessor:} 9. Qg4 O-O 10. Qxe4 c6 11. Nf3 Bb7 12. Bd3 g6 13. O-O c5 14. Qe3 cxd4 15. cxd4 Nc6 {1-0 (24) Webner,D (2073)-Wuttke,M (1802) Bremen 2015}) 9... Bb7 10. Qe2 (10. Qa4+ $11 {keeps the balance.} Nd7 11. Bb5) 10... O-O 11. O-O-O exf3 12. Nxf3 c5 13. Qc2 cxd4 14. Rxd4 Bxf3 15. gxf3 Nc6 {[%emt 0:00:30] Double Attack} 16. Re4 $1 Qg5+ 17. f4 Qh6 18. Bb5 Ne7 19. Kb1 Rfd8 20. Qg2 a6 21. Ba4 b5 22. Bc2 a5 23. Rg1 g6 24. h4 Ra7 25. h5 (25. Qf3 $11) 25... Rad7 $2 (25... Qxh5 $15 {keeps the upper hand.} 26. Ree1 Qh6) 26. hxg6 hxg6 {[%emt 0:00:37] [#]} (26... fxg6 $16 {was worth a try.} 27. Bb3 Rd2) 27. Qg5 $2 ({White must play} 27. Rh1 $1 $18 Rd2 28. Qg1) 27... Qxg5 28. fxg5 Rd5 29. Rh4 (29. a4 $15) 29... Rxe5 30. Rgh1 Kf8 31. Rh8+ Ng8 32. Rf1 Kg7 33. Rfh1 Rxg5 34. R8h7+ Kf8 35. Rf1 Rd7 36. Be4 Rc7 37. Kc2 b4 38. Rf3 Rg2+ 39. Kd3 $2 (39. Kd1 {might work better.}) 39... Rxb2 40. cxb4 axb4 41. Kd4 Rd2+ 42. Bd3 Rg2 43. Be4 (43. Rf1 $142) 43... Rg4 $19 44. Rf2 Re7 45. Ke3 Rxe4+ {[%emt 0:00:15] Kd4} 0-1

[Event "Gibraltar Amateurs A 2020"]
[Site "Caleta"]
[Date "2020.01.21"]
[Round "3.17"]
[White "Mircov, Nicola-Alexandar"]
[Black "Guardia Bencomo, Tomas"]
[Result "1/2-1/2"]
[ECO "B06"]
[WhiteElo "1788"]
[BlackElo "1660"]
[Annotator "NA RC"]
[PlyCount "123"]
[EventDate "2020.01.20"]
[EventType "swiss"]
[EventCountry "GGB"]
[SourceTitle "playchess.com"]
[Source "ChessBase"]
[SourceQuality "1"]
[TimeControl "6600+10"]

1. e4 g6 2. d4 Bg7 3. Nc3 d6 4. Be3 a6 5. Qd2 b5 6. f3 Bb7 7. g4 Nd7 8. Nge2 e6 9. Ng3 c5 10. h4 Ne7 11. dxc5 dxc5 12. Bh6 Qc7 13. Bxg7 Qxg3+ 14. Ke2 Rg8 15. Bh6 Qc7 16. Bh3 Rd8 17. Rad1 f6 18. Be3 Kf7 19. Qd6 Qc8 20. Rd2 Ne5 21. Qxc5 Rxd2+ 22. Kxd2 Qxc5 23. Bxc5 Nxf3+ 24. Ke3 Ne5 25. g5 f5 26. Kf4 N5c6 27. Rd1 Rd8 28. Rxd8 Nxd8 29. Ke5 b4 30. exf5 gxf5 31. Ne2 Ng6+ 32. Kd6 Nxh4 33. Bxb4 Be4 34. c4 Bd3 35. Nf4 Bxc4 36. b3 Bb5 37. a4 Be8 38. Bc3 Nb7+ 39. Kc7 Nc5 40. Bf6 Nxb3 41. Bf1 Ng6 42. Nxe6 Bxa4 43. Bc4 Nf8 44. Nc5+ Kg6 45. Nxa4 Nd2 46. Bxa6 Ne6+ 47. Kd6 Nxg5 48. Be7 f4 49. Bd3+ Kh5 50. Ke5 f3 51. Bb4 Nde4 52. Nc3 Nxc3 53. Bxc3 Kg4 54. Bd2 h5 55. Bf5+ Kg3 56. Bxg5 f2 57. Bf4+ Kg2 58. Be4+ Kg1 59. Be3 Kf1 60. Kf4 Ke1 61. Bxf2+ Kxf2 62. Kg5 1/2-1/2

[Event "Gibraltar Amateurs A 2020"]
[Site "Caleta"]
[Date "2020.01.21"]
[Round "3.18"]
[White "Stamenov, Valeriy"]
[Black "Salas Calvo, Alberto"]
[Result "1-0"]
[ECO "B08"]
[WhiteElo "1761"]
[BlackElo "1645"]
[Annotator "NA RC"]
[PlyCount "99"]
[EventDate "2020.01.20"]
[EventType "swiss"]
[EventCountry "GGB"]
[SourceTitle "playchess.com"]
[Source "ChessBase"]
[SourceQuality "1"]
[TimeControl "6600+10"]

1. e4 d6 2. d4 Nf6 3. Nc3 g6 4. Nf3 Bg7 5. h3 O-O 6. Be3 c6 7. a4 Qc7 8. Be2 Nbd7 9. O-O b6 10. Qd2 Bb7 11. Bh6 a6 12. Bxg7 Kxg7 13. Bd3 b5 14. Qe3 Rfe8 15. e5 dxe5 16. dxe5 Nd5 17. Nxd5 cxd5 18. axb5 axb5 19. e6 fxe6 20. Qxe6 Nc5 21. Ng5 Qf4 22. Qe3 Qxe3 23. fxe3 Rxa1 24. Rxa1 Nxd3 25. cxd3 Ra8 26. Rxa8 Bxa8 27. Ne6+ Kf6 28. Nd4 Bb7 29. Nxb5 Ba6 30. Nc7 Bxd3 31. Nxd5+ Kf7 32. Kf2 Be4 33. Nc3 Bb7 34. e4 Ke6 35. Ke3 Ke5 36. h4 e6 37. g3 Bc6 38. b4 Bb7 39. b5 Ba8 40. Kd3 Kd6 41. Kd4 e5+ 42. Kc4 Bb7 43. Kb4 Ba8 44. Kc4 Bb7 45. Nd5 Ba8 46. g4 Bb7 47. g5 Bxd5+ 48. exd5 e4 49. b6 e3 50. Kd3 1-0

[Event "Gibraltar Amateurs A 2020"]
[Site "Caleta"]
[Date "2020.01.23"]
[Round "4.2"]
[White "Ashwani Kumar Grover"]
[Black "Nebel, Uwe"]
[Result "1-0"]
[ECO "B21"]
[WhiteElo "1731"]
[BlackElo "1847"]
[Annotator "NA"]
[PlyCount "49"]
[EventDate "2020.01.20"]
[EventType "swiss"]
[EventCountry "GGB"]
[SourceTitle "playchess.com"]
[Source "ChessBase"]
[SourceQuality "1"]
[TimeControl "6600+10"]

1. e4 c5 2. Nc3 e6 3. f4 d5 4. Nf3 dxe4 5. Nxe4 Nf6 6. d3 {[%emt 0:07:46] B21: Sicilian: 2 f4 and Morra Gambit} Nc6 7. g3 Be7 8. Bg2 Qc7 9. Be3 $146 ({Predecessor:} 9. O-O O-O 10. Kh1 b6 11. Nfg5 Bb7 12. Nxf6+ Bxf6 13. Ne4 {1-0 (76) Short,N (2683)-Wojtkiewicz,A (2563) ICC INT 2000}) 9... b6 10. Ne5 Nd5 11. Bd2 Nxe5 12. fxe5 Qxe5 13. c4 f5 14. cxd5 fxe4 15. Bc3 Qg5 16. O-O exd5 17. dxe4 d4 (17... Bg4 $16 {is a better defense.} 18. Qxd5 Qxd5 19. exd5 Bf6) 18. e5 Rb8 19. Bxd4 $2 (19. Bd2 $18 Qg6 {[#]} 20. e6 $1 Bxe6 21. Qa4+ Kd8 22. Qxa7) 19... cxd4 20. Bc6+ (20. Rf4 $17 Qh6 21. Qa4+ b5 22. Qxd4) 20... Kd8 21. Qxd4+ ({White must play} 21. Rf4 Be6 22. Bg2 (22. Qxd4+ Kc7 $11)) 21... Kc7 22. Rac1 {[%emt 0:00:28] [#]} Bc5 (22... Rb7 $1 $19 23. Bf3+ (23. Bxb7+ Kxb7) 23... Kb8) 23. Rxc5 bxc5 24. Qxc5 Bb7 25. Rf7+ 1-0

[Event "Gibraltar Amateurs A 2020"]
[Site "Caleta"]
[Date "2020.01.23"]
[Round "4.3"]
[White "Bussmann, John"]
[Black "Teh, Wee Zhun"]
[Result "0-1"]
[ECO "A12"]
[WhiteElo "1752"]
[BlackElo "1857"]
[Annotator "NA"]
[PlyCount "102"]
[EventDate "2020.01.20"]
[EventType "swiss"]
[EventCountry "GGB"]
[SourceTitle "playchess.com"]
[Source "ChessBase"]
[SourceQuality "1"]
[TimeControl "6600+10"]

1. Nf3 d5 2. g3 c6 3. Bg2 Nf6 4. d3 Bg4 5. Nbd2 Nbd7 6. c4 e6 7. O-O Be7 8. b3 O-O 9. Bb2 a5 10. a3 Qb8 11. d4 $146 {[%emt 0:09:34] A12: English Opening: 1...c6 with b3 by White} ({Predecessor:} 11. Rc1 Rc8 12. Rc2 Ne8 13. Qa1 Bf6 14. Rfc1 Qa7 15. Bxf6 Nexf6 16. h3 Bh5 17. cxd5 exd5 18. Qb2 {½-½ (18) Kazhgaleyev,M (2576)-Khusnutdinov,R (2472) Melbourne 2014}) 11... h6 12. Re1 Bf5 13. Ne5 Rd8 14. f4 Ng4 (14... c5 $11) 15. e4 Ngxe5 16. fxe5 dxe4 17. Bxe4 Bxe4 18. Rxe4 f5 (18... b5 $11) 19. exf6 Bxf6 20. Qh5 ({Better is} 20. Rxe6 $16 Re8 21. Qg4) 20... Qd6 (20... e5 $11 {remains equal.}) 21. Rae1 Nf8 22. Nf3 Qe7 23. Bc1 Qf7 24. Qh3 b5 25. Rf1 Qg6 (25... Qe8 $14) 26. Rg4 Qh7 27. Qh5 Qf5 28. Ng5 $1 hxg5 29. Rxf5 exf5 30. Rxg5 Bxg5 31. Qxg5 Rxd4 32. cxb5 cxb5 33. Bb2 Rd1+ 34. Kg2 Ra7 35. Kf3 (35. Qe3 $11 {keeps the balance.} Rc7 36. Bc3) 35... Rad7 36. h4 $2 (36. Ke2 $17) 36... R7d3+ $2 ({Black should play} 36... R1d2 $19 37. Qxf5 Rf7) 37. Ke2 Rd7 38. Bc3 R1d3 39. Bxa5 Rxb3 40. Bb4 Ne6 41. Qh5 $15 Rf7 42. Qg6 Nd4+ 43. Kd2 Nf3+ 44. Ke2 Nd4+ 45. Kf1 f4 46. g4 Rf3+ 47. Kg2 Rg3+ 48. Kf2 Rf3+ 49. Ke1 Re3+ 50. Kf1 Rc7 51. Qb6 Rc1+ 0-1

[Event "Gibraltar Amateurs A 2020"]
[Site "Caleta"]
[Date "2020.01.23"]
[Round "4.4"]
[White "Jacob, Sydney J"]
[Black "Zitan, Abdelhay"]
[Result "1/2-1/2"]
[ECO "C91"]
[WhiteElo "1816"]
[BlackElo "1705"]
[Annotator "NA"]
[PlyCount "62"]
[EventDate "2020.01.20"]
[EventType "swiss"]
[EventCountry "GGB"]
[SourceTitle "playchess.com"]
[Source "ChessBase"]
[SourceQuality "1"]
[TimeControl "6600+10"]

1. e4 e5 2. Nf3 Nc6 3. Bb5 a6 4. Ba4 Nf6 5. O-O b5 6. Bb3 Be7 7. Re1 d6 8. c3 O-O 9. d4 Bg4 10. d5 Nb8 11. Nbd2 c6 {[%emt 0:00:36] C91: Closed Ruy Lopez: 7...d6 8 c3 0-0 9 d4} 12. dxc6 (12. h3 Bc8 13. dxc6 Nxc6 14. Nf1 h6 15. Ng3 Be6 16. a4 Qd7 17. Nh4 d5 18. exd5 Bxd5 19. Nhf5 {1-0 (27) Quesada Perez,Y (2423)-De la Paz Perdomo,F (2486) Ciego de Avila 2010}) 12... Nxc6 13. Nf1 Na5 14. Bc2 Re8 15. Ng3 Nc6 16. h3 Bd7 $146 ({Predecessor:} 16... Be6 17. Ng5 Qd7 18. Nxe6 Qxe6 19. Bg5 {1-0 (61) Bedolla,L (2005)-Silva,A Novi Sad 1990}) 17. Bg5 Be6 18. Qd2 Qc7 19. Nf5 Bxf5 20. exf5 Red8 21. Qe2 h6 22. Bd2 Rab8 23. Bd3 Nd7 24. Rad1 d5 25. Bb1 e4 26. Nh2 Nf6 27. Ng4 Nxg4 28. Qxg4 Ne5 29. Bf4 Bd6 30. Qh5 Be7 (30... Nc4 $11 31. Bc1 f6) 31. Qe2 ({Better is} 31. a3 $14) 31... Bf6 $11 1/2-1/2

[Event "Gibraltar Amateurs A 2020"]
[Site "Caleta"]
[Date "2020.01.23"]
[Round "4.5"]
[White "White, Gary"]
[Black "Dragic, Dragan"]
[Result "0-1"]
[ECO "A02"]
[WhiteElo "1608"]
[BlackElo "1781"]
[Annotator "NA"]
[PlyCount "76"]
[EventDate "2020.01.20"]
[EventType "swiss"]
[EventCountry "GGB"]
[SourceTitle "playchess.com"]
[Source "ChessBase"]
[SourceQuality "1"]
[TimeControl "6600+10"]

1. f4 e5 2. fxe5 d6 3. exd6 Bxd6 4. Nf3 g5 5. g3 Nh6 6. d4 f6 7. e4 Bg4 8. Be2 Nc6 9. e5 Bxf3 10. Bxf3 fxe5 11. Bxc6+ bxc6 12. dxe5 O-O 13. Nc3 Qe7 14. Qe2 Bxe5 15. Bd2 Rae8 16. O-O-O Nf7 17. Qc4 Qf6 18. Rhf1 Qg7 19. Na4 Rb8 20. Bc3 Kh8 21. Qxc6 Bxc3 22. Qxc3 Nd6 23. Qxg7+ Kxg7 24. Nc5 Rxf1 25. Rxf1 Re8 26. b3 Re2 27. h4 g4 28. Nd3 Ne4 29. Rg1 Re3 30. Nf4 Kf7 31. Nd5 Rxg3 32. Rf1+ Rf3 33. Rxf3+ gxf3 34. Ne3 Kg6 35. Nf1 Kh5 36. c4 Kxh4 37. Kc2 Ng3 38. Ne3 f2 0-1

[Event "Gibraltar Amateurs A 2020"]
[Site "Caleta"]
[Date "2020.01.23"]
[Round "4.6"]
[White "Kovacevic, Aleksandar S"]
[Black "Greco, Joseph"]
[Result "0-1"]
[ECO "A00"]
[WhiteElo "1804"]
[BlackElo "1691"]
[Annotator "NA"]
[PlyCount "102"]
[EventDate "2020.01.20"]
[EventType "swiss"]
[EventCountry "GGB"]
[SourceTitle "playchess.com"]
[Source "ChessBase"]
[SourceQuality "1"]
[TimeControl "6600+10"]

1. b4 d5 2. Nf3 Nf6 3. e3 (3. Bb2 Bf5 4. e3 e6 5. c4 Bxb4 6. Qa4+ Nc6 7. Nd4 Rb8 8. Nxf5 exf5 9. cxd5 Qxd5 10. Bxf6 gxf6 11. a3 Ba5 12. Qc4 Rd8 13. Qxd5 Rxd5 {½-½ (30) Bogdanovich,S (2574)-Xu,X (2532) Konya 2017}) 3... e6 4. a3 c5 5. bxc5 Bxc5 6. Nc3 {[%emt 0:00:57] A00: Irregular Openings} O-O 7. Be2 $146 ({Predecessor:} 7. d4 Bd6 8. Nb5 Be7 9. c4 Nc6 10. cxd5 exd5 11. Bd3 Ne4 {1-0 (22) Jacewicz,G-Pane,A Poland 1995}) 7... Nc6 8. Bb2 a6 9. O-O b5 10. Ng5 h6 11. Nf3 Bd7 12. Re1 Qc7 13. Bf1 Rfc8 14. Ne2 Be7 15. Rc1 Qa5 (15... e5 $17 16. d3 Bd6) 16. Ra1 Qc7 17. g3 b4 18. Qb1 Rcb8 19. Qa2 a5 20. Ned4 Nxd4 21. Bxd4 Rc8 ({Black should try} 21... Bd6 $15) 22. Rec1 bxa3 23. c4 dxc4 24. Bxc4 Qd8 25. d3 Bc6 (25... Ne8 $142 26. Bb3 Rxc1+ 27. Rxc1 Rc8) 26. Ne5 Bd5 27. Rab1 Rab8 28. Rxb8 Rxb8 29. Bxd5 Qxd5 ({Don't go for} 29... exd5 $2 30. Nc6 $18 {[%mdl 64] Double Attack}) 30. Qxd5 Nxd5 31. Nc6 Rb7 32. Nxe7+ Nxe7 33. Ra1 $1 Rb3 34. Bc5 $15 Nd5 (34... Nc6 $15 35. Rxa3 Rxa3 36. Bxa3 Ne5) 35. Rxa3 Rxa3 36. Bxa3 Nb4 37. d4 $2 {[%emt 0:01:08] [#]} (37. Kf1 $17 {is a better defense.}) 37... Nc2 $1 38. Bb2 a4 39. Kg2 a3 40. Bc3 a2 41. Kf3 a1=Q 42. Bxa1 Nxa1 43. Ke4 f6 44. f4 f5+ 45. Ke5 Kf7 46. d5 exd5 47. Kxf5 Nc2 48. Ke5 Nxe3 49. h3 Kg6 50. g4 Ng2 51. f5+ Kg5 0-1

[Event "Gibraltar Amateurs A 2020"]
[Site "Caleta"]
[Date "2020.01.23"]
[Round "4.7"]
[White "Coric, Gojko"]
[Black "Johansson, Daniel"]
[Result "1-0"]
[ECO "D02"]
[WhiteElo "1704"]
[BlackElo "1859"]
[Annotator "NA"]
[PlyCount "94"]
[EventDate "2020.01.20"]
[EventType "swiss"]
[EventCountry "GGB"]
[SourceTitle "playchess.com"]
[Source "ChessBase"]
[SourceQuality "1"]
[TimeControl "6600+10"]

1. d4 Nf6 2. Nf3 e6 3. Bf4 d5 4. e3 Bd6 5. Bg5 (5. Bg3 O-O 6. Nbd2 b6 7. c3 c5 8. Ne5 Qc7 9. f4 Ba6 10. Bxa6 Nxa6 11. Bh4 Nd7 12. Qg4 f5 13. Qe2 Nab8 14. O-O Nc6 {1-0 (31) Aronian,L (2775)-Karjakin,S (2754) Moscow 2019}) 5... h6 6. Bh4 {[%emt 0:00:08] D02: 1 d4 d5 2 Nf3 sidelines, including 2...Nf6 3 g3 and 2...Nf6 3 Bf4} Nbd7 7. c4 c6 8. Nc3 O-O 9. Be2 b6 $146 ({Predecessor:} 9... dxc4 10. Bxc4 b5 11. Bd3 Bb7 12. O-O a6 13. Rc1 Rc8 {0-1 (28) Jamaluddin,M (1858)-Noor Akbar,D (1580) Kuala Lumpur 2016}) 10. a3 Bb7 11. O-O Re8 12. Rc1 a6 13. b4 a5 14. c5 bxc5 15. bxc5 Bc7 16. Rb1 Rb8 17. Qc2 Qc8 18. h3 Ba6 19. Bg3 Bxg3 20. fxg3 Bxe2 21. Qxe2 Qc7 22. Qf2 e5 23. g4 Rxb1 24. Rxb1 exd4 25. exd4 Qf4 26. Re1 Rxe1+ 27. Qxe1 Ne4 28. a4 f6 29. Ne2 Qe3+ 30. Kf1 Nf8 31. Nc1 Ng3+ $2 (31... Qa3 $19 32. Qd1 Ne6) 32. Qxg3 Qxc1+ 33. Qe1 Qc4+ 34. Kg1 Qxa4 35. Qe8 Qb3 36. Kh2 Qb7 37. Nh4 Qd7 38. Qa8 Qc7+ 39. Kg1 Kf7 40. Nf5 g6 41. Nd6+ Kg8 42. h4 h5 43. gxh5 gxh5 44. Qe8 Qd7 45. Qxh5 Qe7 46. Nf5 Qh7 {[%emt 0:00:00] [#]} 47. Nh6+ $11 (47. Qxh7+ $1 $16 Kxh7 48. Ne7) 47... Kh8 1-0